 Dungeon Crawl Stone Soup version 0.23-a0-143-g1adec7b (webtiles) character file.

30 galech the Skirmisher (level 3, -1/29 HPs)
             Began as a Demonspawn Monk on Sept 4, 2018.
             Slain by Terence
             ... wielding a +6 falchion of venom
              (3 damage)
             ... on level 2 of the Dungeon.
             The game lasted 00:01:31 (1067 turns).

galech the Skirmisher (Demonspawn Monk)             Turns: 1067, Time: 00:01:32

Health: -1/29      AC: 10    Str:  9 (11) XL:     3   Next: 3%
Magic:  3/3        EV:  6    Int:  9 (11) God:
Gold:   70         SH:  0    Dex: 22 (23) Spells: 2/2 levels left

rFire    + . .     SeeInvis .   a - +0 hand axe
rCold    + . .     Gourm    .   (no shield)
rNeg     . . .     Faith    .   j - +0 plate armour
rPois    +         Spirit   .   (no helmet)
rElec    +         Reflect  .   (no cloak)
rCorr    +         Harm     .   (no gloves)
MR       .....     Clarity  +   (no boots)
Stlth    ..........             (no amulet)
HPRegen  0.09/turn              (no ring)
MPRegen  0.08/turn              (no ring)

@: agile, lethally poisoned (-1 -> -44), resistant
A: talons 1, agile 1, blink, clarity, rot immunity
a: Blink


You were on level 2 of the Dungeon.
You were not hungry.

You visited 1 branch of the dungeon, and saw 2 of its levels.

You collected 70 gold pieces.

Inventory:

Hand Weapons
 a - a +0 hand axe (weapon)
Armour
 j - a +0 plate armour (worn)
Scrolls
 b - a scroll of enchant armour {unknown}
 d - 2 scrolls of identify {unknown}
 f - a scroll of fear {unknown}
 h - a scroll of enchant weapon {unknown}
 l - a scroll of teleportation {unknown}
Comestibles
 c - 3 rations


   Skills:
 + Level 3.5 Fighting
 + Level 3.2 Axes
 + Level 2.8 Dodging
 + Level 1.9 Stealth


You had 2 spell levels left.
You didn't know any spells.
Your spell library was empty.

Dungeon Overview and Level Annotations

Branches:
Dungeon (2/15)

Altars:

Annotations:
D:2 Terence


Innate Abilities, Weirdness & Mutations

You are immune to rotting.
You have sharp toenails.
You are agile. (Dex +2)
You can translocate small distances at will.
You possess an exceptional clarity of mind.


Message History

It was a potion of mutation.
You feel extremely strange.
You feel jittery.
Your thoughts seem clearer.
Your toenails lengthen and sharpen.
You feel agile.
You feel very sick. Terence hits you but does no damage.
Unknown command.
It was a potion of degeneration.
There was something very wrong with that liquid.
You feel weakened.
You feel dopey.
You feel clumsy.
* * * LOW HITPOINT WARNING * * *
You feel very sick. Terence looks scornfully at you.
Terence hits you but does no damage.
You are more poisoned.
It was a potion of resistance.
You feel protected.
* * * LOW HITPOINT WARNING * * *
You feel very sick.
Terence hits you with a falchion of venom.
You die...

# #. ##..........# #.
..#......####.#
.#.#..###........########
#..... #........รท.......
#...###........#######.
#......#.####.##
##.##%##.# #.# #..#.. #.#
##@##.# #.# #@# .# #.#
#b# .# #.# #r# .# #.# .K.
... ... ..# #.# ### #.#


You could see Terence, a bat, a kobold and a rat.

Vanquished Creatures
  A dart slug (D:1)
  2 leopard geckos (D:1)
  A giant cockroach (D:1)
  7 goblins (D:1)
  3 hobgoblins (D:1)
  2 kobolds (D:1)
  3 bats (D:1)
  4 frilled lizards
  2 rats (D:1)
25 creatures vanquished.

Notes
Turn   | Place    | Note
-------+----------+-------------------------------------------
     0 | D:1      | galech the Demonspawn Monk began the quest for the Orb.
     0 | D:1      | Reached XP level 1. HP: 18/18 MP: 1/1
   333 | D:1      | Gained mutation: You are immune to rotting. [demonic
                  | ancestry]
   333 | D:1      | Reached XP level 2. HP: 18/24 MP: 2/2
   914 | D:1      | Reached XP level 3. HP: 29/29 MP: 3/3
  1054 | D:2      | Noticed Terence
  1065 | D:2      | Gained mutation: You can translocate small distances at
                  | will. [potion of mutation]
  1065 | D:2      | Gained mutation: You possess an exceptional clarity of
                  | mind. [potion of mutation]
  1065 | D:2      | Gained mutation: You have sharp toenails. [potion of
                  | mutation]
  1065 | D:2      | Gained mutation: You are agile. (Dex +2) [potion of
                  | mutation]
  1067 | D:2      | Slain by Terence

Vault maps used:
D:1:      dpeg_arrival_signposts, corexii_hall_statues_u
D:2:      nemelex_xobeh_ov_fountains_minmay, marbit_many_paths,
          grunt_temple_overflow_open, uniq_sigmund, uniq_terence

Skill      XL: |  1  2 |
---------------+-------+-----
Axes           | 3 |  3.2
Fighting       | |  3.5
Dodging        | |  2.8
Stealth        | |  1.9

Action                   || total
-------------------------++-------
Melee: Hand axe          ||   108
  Use: Potion            ||     4
  Eat: Chunk             ||     1
Armor: Robe              ||     3
       Plate armour      ||    57
Dodge: Dodged            ||    25

Table legend:
 A = Non-vault XP
 B = Vault XP
 C = Vault XP percentage of total XP
 D = Non-vault monster count
 E = Vault monster count
 F = Vault count percentage of total count
                 A         B        C        D         E       F
            +---------+---------+-------+---------+---------+-------
      Total |      43 |       0 |   0.0 |      25 |       0 |   0.0
            +---------+---------+-------+---------+---------+-------
        D:1 |      42 |       0 |   0.0 |      24 |       0 |   0.0
        D:2 |       1 |       0 |   0.0 |       1 |       0 |   0.0
            +---------+---------+-------+---------+---------+-------
